 Dungeon Crawl Stone Soup version 0.22-a0-91-g23542c2 (webtiles) character file.

591 KristoblXynda the Ruffian (level 7, -6/52 HPs)
             Began as a Red Draconian Transmuter on Jan 22, 2018.
             Mangled by a slave (8 damage)
             ... led by Pikel
             ... while paralysed by Pikel
             ... on level 4 of the Dungeon.
             The game lasted 00:08:20 (5052 turns).

KristoblXynda the Ruffian (DrTm)                    Turns: 5052, Time: 00:08:20

Health: -6/52      AC:  7    Str: 14    XL:     7   Next: 16%
Magic:  9/10       EV:  2    Int: 14    God:
Gold:   121        SH:  0    Dex: 11    Spells: 6/10 levels left

rFire    + . .     SeeInvis .   e - +2 dagger (venom)
rCold    . . .     Gourm    .   r - +0 buckler
rNeg     . . .     Faith    .   (armour unavailable)
rPois    .         Spirit   .   (helmet restricted)
rElec    .         Reflect  .   (no cloak)
rCorr    .         Harm     .   (no gloves)
MR       .....                  j - +0 pair of boots
Stlth    +.........             (no amulet)
HPRegen  0.17/turn              (no ring)
MPRegen  0.12/turn              (no ring)

@: paralysed, lethally poisoned (-6 -> -22)
A: breathe fire, unfitting armour, fire resistance 1, cold-blooded, AC +6
a: Breathe Fire


You were on level 4 of the Dungeon.
You were not hungry.

You visited 1 branch of the dungeon, and saw 4 of its levels.
You also visited: Sewer.

You collected 121 gold pieces.

Inventory:

Hand Weapons
 e - a +2 dagger of venom (weapon)
Missiles
 a - 2 throwing nets (quivered)
Armour
 j - a +0 pair of boots (worn)
 r - a +0 buckler (worn)
Wands
 s - a wand of digging (12)
Scrolls
 f - 2 scrolls of magic mapping
 g - a scroll of noise {unknown}
 i - 2 scrolls of blinking {unknown}
 q - a scroll of remove curse {unknown}
 u - a scroll of enchant weapon {unknown}
Potions
 d - a potion of ambrosia {unknown}
 h - 6 potions of heal wounds
 k - 3 potions of brilliance {unknown}
 l - a potion of invisibility {unknown}
 m - 2 potions of berserk rage
 n - 8 potions of curing
 o - a potion of agility {unknown}
 p - 2 potions of might {unknown}
 t - a potion of resistance {unknown}
Books
 b - a book of Changes

   Spells                             Type                      Level
   a - Beastly Appendage              Transmutation                1
   b - Sticks to Snakes               Transmutation                2
   c - Spider Form                    Transmutation/Poison         3
   d - Ice Form                       Ice/Transmutation            4
   e - Blade Hands                    Transmutation                5
Comestibles
 c - 7 rations


   Skills:
 - Level 1.1 Fighting
 - Level 2.3 Dodging
 + Level 0.3 Shields
 + Level 6.7 Unarmed Combat
 - Level 2.0 Spellcasting
 + Level 4.7 Transmutations


You had 6 spell levels left.
You knew the following spells:

 Your Spells              Type           Power        Failure   Level  Hunger
a - Beastly Appendage     Tmut           ##....       5%          1    ##.....
b - Spider Form           Tmut/Pois      #.........   41%         3    ####...


Dungeon Overview and Level Annotations

Branches:
Dungeon (4/15)
 Temple: D:4-7

Altars:
Makhleb
Sif Muna

Shops:
D:4 (

Annotations:
D:4 Pikel, Sigmund


Innate Abilities, Weirdness & Mutations

You can breathe blasts of fire.
Your fiery red scales are hard. (AC +6)
You cannot fit into any form of body armour.
Your flesh is heat resistant. (rF+)
You are cold-blooded and may be slowed by cold attacks.


Message History

You feel sick. Pikel hits you with a whip of flaming!
* * * LOW HITPOINT WARNING * * *
Pikel burns you.
* * * LOW HITPOINT WARNING * * *
* * * LOW HITPOINT WARNING * * *
You feel sick.
* * * LOW HITPOINT WARNING * * *
You feel sick.
Pikel zaps a wand.
You suddenly lose the ability to move!
* * * LOW HITPOINT WARNING * * *
You feel sick.
Your transformation has ended.
Your +2 dagger of venom unmelds from your body.
Your +0 pair of boots unmelds from your body.
Your +0 buckler unmelds from your body.
Your +2 dagger of venom begins to drip with poison!
* * * LOW HITPOINT WARNING * * *
You feel sick.
Sigmund appears from thin air!
Reactivating autopickup.
The slave hits you!
You die...

..##..##..######...,,,,,*
..##..##..........#*,,,**
..#...##..##..##..#*****
..#...##..##..##..#
..#............#..#
..#............#..#******
+#######..##..##..#,,,,,*
,***,*##..##..##..#,,,,,*
,,,,,,+.........@.#,,,,,*
,,,,,,#.........Kp#,,,,,******
,,,,,,#.........p.#,,,,,,,,,,*
,,,,,,#.......##@##,,,,,,,,,,*
,,,,,,#.......#..p......,,,,,*
****+*######..#........p,,,,,*
,,,,,,,,,,,####......../,,,,,*
,,,,,,,,,,,,,,..........,,,,,*
,,,,,,,,,,,,,...........,*****


You could see Pikel, Sigmund and 3 slaves.

Vanquished Creatures
  A slave (D:4)
  An ogre (D:4)
  A big kobold (Sewer)
  2 hounds (D:4)
  2 orc wizards (D:3)
  A centaur skeleton (D:4)
  3 gnolls (D:3)
  9 adders
  8 river rats
  An ooze (D:1)
  2 worms
  2 dart slugs (D:1)
  3 leopard geckos
  2 orcs (D:3)
  5 bats
  8 giant cockroaches
  7 goblins
  10 hobgoblins
  3 quokkas
  8 ball pythons
  3 frilled lizards (D:1)
  20 kobolds
  A leopard gecko skeleton (D:4)
  20 rats
123 creatures vanquished.

Notes
Turn   | Place    | Note
-------+----------+-------------------------------------------
     0 | D:1      | KristoblXynda the Draconian Transmuter began the quest for the Orb.
     0 | D:1      | Reached XP level 1. HP: 16/16 MP: 3/3
    57 | D:1      | Reached XP level 2. HP: 12/23 MP: 3/5
   495 | D:1      | Reached XP level 3. HP: 28/28 MP: 6/6
   885 | D:2      | Reached skill level 4 in Unarmed Combat
   894 | D:2      | Reached XP level 4. HP: 12/35 MP: 7/7
  1783 | D:3      | Learned a level 3 spell: Spider Form
  2627 | D:3      | Reached XP level 5. HP: 35/40 MP: 8/8
  2640 | D:3      | Reached skill level 5 in Unarmed Combat
  3323 | D:4      | Found a glowing drain.
  3352 | D:4      | Reached XP level 6. HP: 19/47 MP: 9/9
  3442 | Sewer    | Entered a sewer
  4221 | Sewer    | Reached skill level 6 in Unarmed Combat
  4650 | D:4      | HP: 2/47 [ogre/giant club (28)]
  4667 | D:4      | Your scales start taking on a fiery red colour.
  4667 | D:4      | Reached XP level 7. HP: 16/52 MP: 10/10
  4667 | D:4      | Gained mutation: Your flesh is heat resistant. (rF+) [Red Draconian growth]
  4677 | D:4      | Found a deep blue altar of Sif Muna.
  4682 | D:4      | Found a burning altar of Makhleb.
  4684 | D:4      | Found Ikupp's Weapon Shop.
  5025 | D:4      | Noticed Sigmund
  5035 | D:4      | Noticed Pikel
  5050 | D:4      | Paralysed by Pikel for 4 turns
  5052 | D:4      | HP: 2/52 [poisoned by Sigmund]
  5052 | D:4      | Mangled by a slave

Vault maps used:
D:1:      evilmike_arrival_plus
D:2:      first_ration
D:4:      grunt_temple_overflow_open, serial_shops, shop,
          gup_sewer_entry_bubbles, uniq_pikel, uniq_sigmund, uniq_ijyb
Sewer:    sewer_minmay_treatment

Skill      XL: |  1  2  3  4  5  6 |
---------------+-------------------+-----
Dodging        | 2 |  2.3
Unarmed Combat | 4 5 6 |  6.7
Transmutations | 3 4 |  4.7
Fighting       | |  1.1
Shields        | |  0.3
Spellcasting   | |  2.0

Action                   |  1- 3 |  4- 6 |  7- 9 || total
-------------------------+-------+-------+-------++-------
Melee: Unarmed           |    69 |       |    13 ||    82
       Tailslap          |    18 |    24 |       ||    42
       Headbutt          |     3 |       |       ||     3
       Dagger            |    53 |   298 |       ||   351
       Punch             |       |     5 |       ||     5
 Cast: Beastly Appendage |     2 |       |       ||     2
       Spider Form       |       |       |     1 ||     1
  Use: Scroll            |       |     3 |     1 ||     4
       Potion            |       |     1 |       ||     1
 Stab: Sleeping          |       |     1 |       ||     1
  Eat: Chunk             |       |     6 |       ||     6
       Ration            |       |     2 |     1 ||     3
Armor: Skin              |    19 |   122 |     1 ||   142
Dodge: Dodged            |    77 |   256 |    12 ||   345

Table legend:
 A = Spawn XP
 B = Non-spawn XP
 C = Spawn XP percentage of total XP
 D = Spawn monster count
 E = Non-spawn monster count
 F = Spawn count percentage of total count
 G = Total turns spent on level
                    A         B        C        D         E        F      G
               +---------+---------+-------+---------+---------+-------+---------
         Total |       0 |     845 |   0.0 |       0 |     122 |   0.0 |  5052
               +---------+---------+-------+---------+---------+-------+---------
           D:1 |       0 |      53 |   0.0 |       0 |      27 |   0.0 |   675
           D:2 |       0 |      68 |   0.0 |       0 |      18 |   0.0 |  1087
           D:3 |       0 |     153 |   0.0 |       0 |      14 |   0.0 |  1385
           D:4 |       0 |     323 |   0.0 |       0 |      15 |   0.0 |   952
         Sewer |       0 |     248 |   0.0 |       0 |      48 |   0.0 |   953
               +---------+---------+-------+---------+---------+-------+---------
